[Event "Tatra Limba Master 2022"]
[Site "Poronin"]
[Date "2022.01.07"]
[Round "3.1"]
[White "Golubka, Petro"]
[Black "Kowalczyk, Pawel"]
[Result "1/2-1/2"]
[ECO "B31"]
[WhiteElo "2408"]
[BlackElo "2338"]
[Annotator "ChessBase"]
[PlyCount "38"]
[EventDate "2022.01.07"]
[EventType "swiss"]
[EventCountry "POL"]
[SourceTitle "playchess.com"]
[Source "ChessBase"]
[SourceQuality "1"]
[TimeControl "5400+30"]

1. e4 c5 2. Nf3 Nc6 3. Bb5 g6 4. O-O Bg7 5. c3 Nf6 6. Re1 O-O 7. h3 d6 8. Na3 Bd7 9. d4 a6 10. Bf1 cxd4 11. Nxd4 Rc8 12. Bf4 b5 13. Nxc6 Bxc6 14. e5 Nd5 15. Bg3 dxe5 16. Bxe5 Bxe5 17. Rxe5 Qd6 18. Qe1 e6 19. Rd1 Qb8 1/2-1/2

[Event "Tatra Limba Master 2022"]
[Site "Poronin"]
[Date "2022.01.07"]
[Round "3.2"]
[White "Pniaczek, Marek"]
[Black "Walkusz, Witoslaw"]
[Result "1-0"]
[ECO "C55"]
[WhiteElo "2329"]
[BlackElo "2024"]
[Annotator "RC"]
[PlyCount "121"]
[EventDate "2022.01.07"]
[EventType "swiss"]
[EventCountry "POL"]
[SourceTitle "playchess.com"]
[Source "ChessBase"]
[SourceQuality "1"]
[TimeControl "5400+30"]

1. e4 e5 2. Nf3 Nc6 3. Bc4 Nf6 4. d4 exd4 5. e5 Ng4 6. O-O d6 7. exd6 Bxd6 8. Re1+ Kf8 9. Nbd2 Bf5 10. Ne4 Bxe4 11. Rxe4 Nf6 12. Re1 a6 13. Ng5 Ne5 14. Rxe5 Bxe5 15. Nxf7 Qe7 16. Nxh8 b5 17. Bb3 c5 18. Bf7 Qd6 19. g3 Ke7 20. f4 Rxh8 21. fxe5 Qxe5 22. Bf4 Qf5 23. Bb3 c4 24. Qxd4 Rc8 25. c3 cxb3 26. axb3 Rc6 27. Rf1 Qc5 28. Be3 Qxd4 29. Bxd4 Ne8 30. Kg2 g6 31. g4 Nc7 32. Rf3 Ne6 33. Be5 Rc5 34. Bf6+ Kd7 35. h4 Rd5 36. Kg3 Rd2 37. c4 Nc5 38. Re3 Rd3 39. Rxd3+ Nxd3 40. Kf3 Ke6 41. Ke3 Ne1 42. Bg5 h5 43. gxh5 gxh5 44. Kd4 Kd6 45. c5+ Kc6 46. b4 Nf3+ 47. Ke4 Ne1 48. Bd2 Ng2 49. Bg5 Ne1 50. Bf6 a5 51. bxa5 Kxc5 52. b4+ Kc6 53. Kf5 Nc2 54. Be7 Ne3+ 55. Kg5 Nd5 56. Bc5 Kd7 57. Kxh5 Ke6 58. Kg5 Nc7 59. h5 Na6 60. h6 Kf7 61. Bd6 1-0

[Event "Tatra Limba Master 2022"]
[Site "Poronin"]
[Date "2022.01.07"]
[Round "3.3"]
[White "Ustianovich, Nazar"]
[Black "Zylka, Stanislaw"]
[Result "1/2-1/2"]
[ECO "E04"]
[WhiteElo "2344"]
[BlackElo "2406"]
[Annotator "ChessBase"]
[PlyCount "35"]
[EventDate "2022.01.07"]
[EventType "swiss"]
[EventCountry "POL"]
[SourceTitle "playchess.com"]
[Source "ChessBase"]
[SourceQuality "1"]
[TimeControl "5400+30"]

1. d4 Nf6 2. c4 e6 3. Nf3 d5 4. g3 dxc4 5. Bg2 a6 6. O-O Nc6 7. e3 Rb8 8. Nfd2 e5 9. Nxc4 exd4 10. Bxc6+ bxc6 11. Qxd4 Qxd4 12. exd4 Be6 13. b3 c5 14. dxc5 Bxc5 15. Ba3 Bd4 16. Bb2 Bxb2 17. Nxb2 O-O 18. Rc1 1/2-1/2

[Event "Tatra Limba Master 2022"]
[Site "Poronin"]
[Date "2022.01.07"]
[Round "3.4"]
[White "Gajdzica, Maciej"]
[Black "Zielonka, Adam"]
[Result "1/2-1/2"]
[ECO "B40"]
[WhiteElo "1960"]
[BlackElo "1862"]
[Annotator "NA"]
[PlyCount "65"]
[EventDate "2022.01.07"]
[EventType "swiss"]
[EventCountry "POL"]
[SourceTitle "playchess.com"]
[Source "ChessBase"]
[SourceQuality "1"]
[TimeControl "5400+30"]

1. e4 c5 2. Nf3 e6 3. c4 Nc6 4. Nc3 e5 5. Be2 d6 6. a3 g6 7. d3 Bg7 8. h4 h6 9. Nd5 Nge7 10. h5 Nxd5 (10... g5 $11 {feels stronger.}) 11. cxd5 Nd4 12. Nxd4 exd4 13. Bd2 g5 14. O-O O-O 15. f4 $11 f6 16. Bg4 Qe7 17. Rc1 Rf7 18. b4 b6 19. Bxc8 Rxc8 20. Qg4 Qd7 21. Qxd7 Rxd7 22. Be1 b5 23. Bg3 c4 24. f5 Rdd8 25. Rfd1 cxd3 26. Rxc8 Rxc8 27. Rxd3 Bf8 28. Bf2 a6 29. Bxd4 Kf7 30. Bc3 Rc4 31. Re3 Be7 32. Kf2 Bd8 33. Kf3 1/2-1/2

[Event "Tatra Limba Master 2022"]
[Site "Poronin"]
[Date "2022.01.07"]
[Round "3.5"]
[White "Rejniak, Zuzanna"]
[Black "Mirski, Michal"]
[Result "1/2-1/2"]
[ECO "B24"]
[WhiteElo "1799"]
[BlackElo "2039"]
[Annotator "NA"]
[PlyCount "191"]
[EventDate "2022.01.07"]
[EventType "swiss"]
[EventCountry "POL"]
[SourceTitle "playchess.com"]
[Source "ChessBase"]
[SourceQuality "1"]
[TimeControl "5400+30"]

1. e4 c5 2. Nc3 Nc6 3. g3 g6 4. Bg2 Bg7 5. d3 e6 6. Nge2 Nge7 7. Be3 b6 8. Qd2 d5 9. exd5 $1 exd5 10. d4 c4 (10... Be6 $14 {should be considered.}) 11. O-O O-O 12. Nf4 Be6 13. Rfe1 ({Of course not} 13. Nxe6 fxe6 14. Ne2 Qd7 $11) 13... Qd7 14. b3 cxb3 15. cxb3 Rac8 16. Rac1 Rfe8 $14 17. h4 h5 18. Kh2 Bf6 19. Qd1 Kg7 20. Qd2 Rcd8 21. Qd3 Qb7 22. Rcd1 Bf5 23. Qf1 Nb4 24. Qh1 Qc6 25. Rc1 Qd7 26. Re2 Bg4 27. Rd2 Be6 28. Qf1 Nbc6 29. Qb5 Nb8 30. Qxd7 Rxd7 31. Nb5 Na6 32. Bf1 Bf5 33. Na3 Nc7 34. Nb5 Ne6 35. Bg2 a6 36. Nc3 Rc8 37. Rdd1 Bg4 38. f3 Bf5 39. Nxe6+ fxe6 40. Na4 Rb8 41. Bf4 Rc8 42. Rxc8 Nxc8 43. Rc1 Ne7 44. Be3 Rb7 45. Bf1 b5 46. Nc5 Rb6 47. Nd7 Rc6 48. Nxf6 Kxf6 49. Rxc6 Nxc6 50. a4 bxa4 51. bxa4 Bc2 52. Bxa6 Bxa4 53. f4 Nb4 54. Be2 Bc2 55. Bd2 Nc6 56. Bc3 Kf5 57. Bf3 Be4 58. Be2 Kf6 59. Kg1 Ne7 60. Kf2 Nf5 61. Bb4 Kf7 62. Bc5 Nh6 63. Bb5 Ng4+ 64. Ke2 Kf6 65. Bd7 Bc2 66. Kd2 Bb3 67. Bb5 Nf2 68. Bd3 Nh1 69. Ke1 Bc4 70. Bxc4 dxc4 71. Kd2 Nxg3 72. Kc3 Ne2+ 73. Kxc4 Nxf4 74. Bd6 Ng2 75. Bc7 Kf5 76. Bd8 Ne3+ 77. Kc5 Ke4 78. Kd6 Kf5 79. Bg5 Nc2 80. Kc5 Ke4 81. Bf6 Ne3 82. Kd6 Kf5 83. Bd8 e5 84. dxe5 Nc4+ 85. Ke7 Nxe5 86. Kf8 Nf3 87. Kg7 Nxh4 88. Bxh4 g5 89. Bf2 h4 90. Kh6 h3 91. Bg1 Kg4 92. Kg6 Kf4 93. Kh5 g4 94. Kh4 Kf3 95. Bh2 Kg2 96. Bd6 1/2-1/2

[Event "Tatra Limba Master 2022"]
[Site "Poronin"]
[Date "2022.01.07"]
[Round "3.6"]
[White "Kotowicz, Kamil"]
[Black "Starosciak, Szymon"]
[Result "1/2-1/2"]
[ECO "D00"]
[WhiteElo "1732"]
[BlackElo "1986"]
[Annotator "NA"]
[PlyCount "109"]
[EventDate "2022.01.07"]
[EventType "swiss"]
[EventCountry "POL"]
[SourceTitle "playchess.com"]
[Source "ChessBase"]
[SourceQuality "1"]
[TimeControl "5400+30"]

1. d4 d5 2. g3 Nf6 3. Bg2 e6 4. Nf3 Be7 5. O-O O-O 6. c4 dxc4 7. Qa4 a6 8. Qxc4 b5 $1 9. Qc2 Bb7 10. Bf4 Nd5 11. e4 (11. Nc3 $11) 11... Nxf4 12. gxf4 Nd7 (12... Qd6 $17 13. e5 Qb6) 13. Rd1 f5 $15 14. Qb3 Kh8 15. Nc3 fxe4 16. Ne5 Rxf4 17. Qxe6 Nxe5 18. dxe5 Qf8 19. Nd5 Bxd5 20. Qxd5 Rg4 21. h3 c6 22. Qb3 Rg6 23. Kh1 Qxf2 24. Bxe4 Rg3 25. Rf1 Rxb3 26. Rxf2 Rxh3+ 27. Kg2 Rh6 28. Rf7 Re6 29. Bxc6 Rc8 30. Bd7 Rc2+ 31. Kf3 Rxe5 32. Rd1 h6 33. Bf5 Rxf5+ 34. Rxf5 Rxb2 35. Rf7 Bf6 36. a3 Rb3+ 37. Kg4 Kh7 38. Rd6 Kg6 39. Ra7 Rxa3 40. Rdxa6 Rb3 41. Rb7 h5+ 42. Kf4 h4 43. Rb8 b4 44. Rh8 Rd3 45. Rb6 b3 46. Ke4 Rg3 47. Rxh4 b2 48. Rh2 Rg1 49. Rhxb2 Re1+ 50. Kf3 Re5 51. Rg2+ Kh7 52. Rg4 Ra5 53. Rb3 Ra1 54. Rd3 Ra5 55. Rb3 1/2-1/2

[Event "Tatra Limba Master 2022"]
[Site "Poronin"]
[Date "2022.01.07"]
[Round "3.7"]
[White "Smietanska, Wiktoria"]
[Black "Reichel, Lukasz"]
[Result "0-1"]
[ECO "B92"]
[WhiteElo "1910"]
[BlackElo "1748"]
[Annotator "ChessBase"]
[PlyCount "120"]
[EventDate "2022.01.07"]
[EventType "swiss"]
[EventCountry "POL"]
[SourceTitle "playchess.com"]
[Source "ChessBase"]
[SourceQuality "1"]
[TimeControl "5400+30"]

1. e4 c5 2. Nf3 d6 3. d4 cxd4 4. Nxd4 Nf6 5. Nc3 a6 6. Be2 e5 7. Nb3 Be7 8. O-O O-O 9. Re1 Be6 10. Bf3 Qc7 11. a4 Nbd7 12. a5 h6 13. Be3 b5 14. Qd2 Rac8 15. Rac1 Nc5 16. Nxc5 dxc5 17. Nd5 Bxd5 18. exd5 Bd6 19. g3 Rce8 20. c4 b4 21. Ra1 e4 22. Bd1 Nd7 23. Ba4 Ne5 24. Qe2 Nf3+ 25. Kh1 Re5 26. Red1 Rh5 27. h4 Bxg3 28. Kg2 Rxh4 29. Rh1 Rxh1 30. Rxh1 Bf4 31. Bxc5 Qxc5 32. Qxe4 Nd2 33. Qxf4 Nxc4 34. Qf5 Rd8 35. Rh4 Rxd5 36. Qe4 Rg5+ 37. Rg4 Rxg4+ 38. Qxg4 Qg5 39. Qxg5 hxg5 40. Bb3 Nxb2 41. Kf3 Nd3 42. Ke3 Nc5 43. Bd5 b3 44. Kd4 b2 45. Ba2 Nb3+ 46. Kc3 Nxa5 47. Kxb2 Nb7 48. Kb3 Kf8 49. Kb4 Ke7 50. Bd5 Nd6 51. Ka5 g4 52. Kxa6 f5 53. Kb6 Ne4 54. Kc6 Nxf2 55. Kc5 Kf6 56. Kd4 f4 57. Bc6 Kg5 58. Bg2 f3 59. Bf1 Kf4 60. Bc4 g3 0-1

[Event "Tatra Limba Master 2022"]
[Site "Poronin"]
[Date "2022.01.07"]
[Round "3.8"]
[White "Kozlowski, Franciszek"]
[Black "Wysocki, Mateusz"]
[Result "1/2-1/2"]
[ECO "A48"]
[WhiteElo "1523"]
[BlackElo "1848"]
[Annotator "NA"]
[PlyCount "116"]
[EventDate "2022.01.07"]
[EventType "swiss"]
[EventCountry "POL"]
[SourceTitle "playchess.com"]
[Source "ChessBase"]
[SourceQuality "1"]
[TimeControl "5400+30"]

1. d4 Nf6 2. Nf3 g6 3. Bg5 Bg7 4. c3 O-O 5. Nbd2 d5 6. Bxf6 Bxf6 7. e4 dxe4 8. Nxe4 Bg7 9. Bd3 Nc6 10. Bc2 b6 11. O-O Bb7 12. Re1 e6 13. Qe2 Re8 (13... Ne7 $11 {is superior.}) 14. Rad1 Qe7 15. Ba4 a6 16. a3 $11 h6 17. h3 Red8 18. Bb3 Na5 19. Ba2 c5 20. dxc5 bxc5 21. Qc2 c4 22. Rxd8+ Rxd8 23. Qa4 Qc7 24. Ned2 Bc6 25. Qc2 Bd5 26. Rd1 Rb8 27. Nf1 Qb7 28. Ne1 e5 29. Qa4 Qb5 30. Qxb5 Rxb5 31. Ne3 Be6 32. Rd2 Bf6 33. Nd1 Nb7 34. Ne3 Rc5 35. Kf1 Be7 36. Bxc4 Rxc4 37. Nxc4 Bxc4+ 38. Kg1 Nc5 39. Nc2 f5 40. Ne3 Bb3 41. Nd5 Bg5 42. Ne3 Kf7 43. Rd6 Be7 44. Rc6 a5 45. c4 h5 46. Nd5 Bf8 47. Rc7+ Ke6 48. Nb6 e4 49. Rc8 Kf7 50. Rc7+ Ke8 51. Rc8+ Kf7 52. Rc7+ Ke6 53. Rc8 Bd6 54. Rc6 Ba4 55. Rxc5 Bxc5 56. Nxa4 Bd4 57. b4 axb4 58. axb4 Ke5 1/2-1/2

[Event "Tatra Limba Master 2022"]
[Site "Poronin"]
[Date "2022.01.07"]
[Round "3.9"]
[White "Bartoszczuk, Adam"]
[Black "Mroz, Lena"]
[Result "1/2-1/2"]
[ECO "B28"]
[WhiteElo "1380"]
[BlackElo "1835"]
[Annotator "NA"]
[PlyCount "72"]
[EventDate "2022.01.07"]
[EventType "swiss"]
[EventCountry "POL"]
[SourceTitle "playchess.com"]
[Source "ChessBase"]
[SourceQuality "1"]
[TimeControl "5400+30"]

1. e4 c5 2. Nf3 a6 3. c4 Nc6 4. Nc3 e5 5. d3 d6 6. Be2 g6 7. O-O Bg7 8. Ne1 Nge7 9. Nc2 O-O 10. Ne3 (10. Rb1 $11) 10... f5 11. Ned5 f4 12. Bg4 Nd4 $11 13. Bxc8 Rxc8 14. f3 h5 15. Bd2 g5 16. a3 Kf7 17. b4 b6 18. Qa4 cxb4 19. axb4 Ra8 20. c5 dxc5 21. bxc5 b5 22. Qa2 Kg6 23. Nxe7+ Qxe7 24. Nd5 Qb7 25. Bb4 Nc6 26. Rfc1 a5 27. Bd2 Rfe8 28. Nb6 Ra7 29. Qd5 Kh7 30. h4 g4 31. Kf1 g3 32. Rab1 b4 33. Nc4 Bf8 34. Nd6 Bxd6 35. cxd6 Rc8 36. Qe6 Qd7 1/2-1/2

[Event "Tatra Limba Master 2022"]
[Site "Poronin"]
[Date "2022.01.07"]
[Round "3.10"]
[White "Rekuc, Patryk"]
[Black "Liskiewicz, Jakub"]
[Result "0-1"]
[ECO "B09"]
[WhiteElo "1662"]
[BlackElo "1598"]
[Annotator "NA"]
[PlyCount "104"]
[EventDate "2022.01.07"]
[EventType "swiss"]
[EventCountry "POL"]
[SourceTitle "playchess.com"]
[Source "ChessBase"]
[SourceQuality "1"]
[TimeControl "5400+30"]

1. e4 d6 2. d4 Nf6 3. Nc3 g6 4. f4 Bg7 5. Nf3 O-O 6. Be2 Na6 7. O-O c5 8. e5 Nd7 9. exd6 exd6 10. f5 Nb4 11. fxg6 hxg6 12. Be3 Re8 13. Bf2 Nc6 14. Qd2 cxd4 15. Nxd4 Nde5 16. Rad1 Nxd4 17. Bxd4 Bf5 18. Bb5 Re6 19. h3 Qh4 20. Qf2 Qg5 21. Be3 Nf3+ 22. Qxf3 Rxe3 23. Qxb7 Rf8 24. Qd5 Bxc3 25. bxc3 Re5 26. Qc4 Be6 27. Qf4 Qxf4 28. Rxf4 Rxb5 29. Rxd6 Rc8 30. Ra6 Rb1+ 31. Kh2 Rxc3 32. Rf2 Rb2 33. a4 Rc7 34. Kg3 Bf5 35. Kh4 Rbxc2 36. Rxc2 Bxc2 37. g4 Kg7 38. Kg5 Rc5+ 39. Kh4 Rc7 40. Kg5 f6+ 41. Kh4 Rc3 42. g5 fxg5+ 43. Kxg5 Rc5+ 44. Kf4 Rc4+ 45. Ke5 Rxa4 46. Rc6 Bf5 47. Rc7+ Kh6 48. Kf6 Ra6+ 49. Kf7 Bxh3 50. Rc1 g5 51. Rd1 Kh5 52. Rd8 g4 0-1

[Event "Tatra Limba Master 2022"]
[Site "Poronin"]
[Date "2022.01.07"]
[Round "3.11"]
[White "Radzimski, Antoni"]
[Black "Gepfert, Cyprian"]
[Result "0-1"]
[ECO "B47"]
[WhiteElo "1613"]
[BlackElo "1743"]
[Annotator "NA"]
[PlyCount "97"]
[EventDate "2022.01.07"]
[EventType "swiss"]
[EventCountry "POL"]
[SourceTitle "playchess.com"]
[Source "ChessBase"]
[SourceQuality "1"]
[TimeControl "5400+30"]

1. e4 c5 2. Nf3 e6 3. d4 cxd4 4. Nxd4 Nc6 5. Nc3 Qc7 6. g3 a6 7. Bg2 Nf6 8. O-O Nxd4 9. Qxd4 Bc5 10. Bf4 d6 11. Qd2 h6 12. Na4 e5 13. Be3 Bxe3 14. Qxe3 Be6 15. c4 Nd7 16. b3 O-O 17. Nc3 Rfd8 18. Kh1 Rac8 19. f4 f6 20. f5 Bf7 21. Rac1 Qa5 22. Qe2 Nb8 23. Bf3 Kf8 24. Bh5 Bg8 25. Qg4 Nc6 26. Nd5 Bxd5 27. exd5 Ne7 28. Qe2 b5 29. g4 bxc4 30. bxc4 Rc7 31. Rc2 Rdc8 32. Rfc1 Qc5 33. h4 Qd4 34. Kg2 a5 35. Kh3 Rb7 36. Bg6 Rcb8 37. Rd2 Rb2 38. Rcc2 Rxc2 39. Rxc2 Rb1 40. Qf3 Rd1 41. Kh2 Rd3 42. Qf1 Qe3 43. Rg2 Rc3 44. Rg1 Qe4 45. Rg3 Qxc4 46. Qb1 Rc2+ 47. Kh3 Rc1 48. Qb8+ Nc8 49. Bh5 0-1

[Event "Tatra Limba Master 2022"]
[Site "Poronin"]
[Date "2022.01.08"]
[Round "4.1"]
[White "Kowalczyk, Pawel"]
[Black "Pniaczek, Marek"]
[Result "1/2-1/2"]
[ECO "C21"]
[WhiteElo "2338"]
[BlackElo "2329"]
[Annotator "ChessBase"]
[PlyCount "119"]
[EventDate "2022.01.07"]
[EventType "swiss"]
[EventCountry "POL"]
[SourceTitle "playchess.com"]
[Source "ChessBase"]
[SourceQuality "1"]
[TimeControl "5400+30"]

1. e4 e5 2. d4 exd4 3. c3 d5 4. exd5 Qxd5 5. cxd4 Nc6 6. Nf3 Bg4 7. Be2 Bb4+ 8. Nc3 Bxf3 9. Bxf3 Qc4 10. Bxc6+ bxc6 11. Qe2+ Qxe2+ 12. Kxe2 Nf6 13. Be3 Kd7 14. Na4 Nd5 15. Rac1 Rhe8 16. a3 Bf8 17. Kd3 Rab8 18. Rhe1 Rb5 19. Bd2 Rxe1 20. Rxe1 Nb6 21. Nxb6+ cxb6 22. Bc3 Bd6 23. g3 Rh5 24. h4 Rf5 25. Re2 h5 26. Ke4 g6 27. a4 Rd5 28. Kd3 a6 29. b4 Be7 30. Kc4 Bf6 31. Bb2 Rf5 32. Bc1 Be7 33. Be3 f6 34. Re1 g5 35. Rh1 g4 36. Rb1 b5+ 37. axb5 axb5+ 38. Kd3 Bd6 39. Ke4 Rf3 40. Ra1 f5+ 41. Kd3 f4 42. gxf4 Bxf4 43. Ra7+ Ke6 44. Rh7 g3 45. Ke2 gxf2 46. Bxf2 Rb3 47. Rxh5 Rxb4 48. Kf3 Bc1 49. Rc5 Rc4 50. Rxc4 bxc4 51. Be3 Ba3 52. Ke4 Be7 53. h5 Bf6 54. Bf4 c3 55. Kd3 Kf5 56. Bc1 c2 57. Bd2 Bh8 58. Be3 Kg4 59. h6 Kh5 60. Kxc2 1/2-1/2

[Event "Tatra Limba Master 2022"]
[Site "Poronin"]
[Date "2022.01.08"]
[Round "4.3"]
[White "Zielonka, Adam"]
[Black "Ustianovich, Nazar"]
[Result "1/2-1/2"]
[ECO "A16"]
[WhiteElo "1862"]
[BlackElo "2344"]
[Annotator "ChessBase"]
[PlyCount "45"]
[EventDate "2022.01.07"]
[EventType "swiss"]
[EventCountry "POL"]
[SourceTitle "playchess.com"]
[Source "ChessBase"]
[SourceQuality "1"]
[TimeControl "5400+30"]

1. c4 Nf6 2. Nc3 e5 3. e3 Bb4 4. Nge2 c6 5. a3 Bxc3 6. Nxc3 O-O 7. d4 e4 8. Be2 Re8 9. O-O d5 10. b4 dxc4 11. Bxc4 Be6 12. Qb3 Qd6 13. h3 Nbd7 14. a4 Nb6 15. Bxe6 Rxe6 16. b5 Nbd5 17. Ba3 Qd7 18. bxc6 Rxc6 19. Nxd5 Nxd5 20. Rfc1 Rac8 21. Rc5 Nf6 22. Rac1 h6 23. Qb5 1/2-1/2

[Event "Tatra Limba Master 2022"]
[Site "Poronin"]
[Date "2022.01.08"]
[Round "4.5"]
[White "Mirski, Michal"]
[Black "Kozlowski, Franciszek"]
[Result "1-0"]
[ECO "B72"]
[WhiteElo "2039"]
[BlackElo "1523"]
[Annotator "ChessBase"]
[PlyCount "131"]
[EventDate "2022.01.07"]
[EventType "swiss"]
[EventCountry "POL"]
[SourceTitle "playchess.com"]
[Source "ChessBase"]
[SourceQuality "1"]
[TimeControl "5400+30"]

1. e4 c5 2. Nf3 d6 3. d4 cxd4 4. Nxd4 Nf6 5. Nc3 g6 6. Be3 a6 7. f3 Bg7 8. Qd2 O-O 9. O-O-O Qc7 10. g4 Nc6 11. h4 Nd7 12. Nd5 Qd8 13. h5 Bxd4 14. Bxd4 Nxd4 15. Qxd4 e6 16. Nc3 Ne5 17. Be2 Qg5+ 18. Kb1 Bd7 19. Qxd6 Bc6 20. hxg6 hxg6 21. Qd4 Rad8 22. Qf2 Rxd1+ 23. Bxd1 Qf6 24. Qh2 Qg7 25. g5 Nc4 26. Be2 Ne5 27. Nd1 Rd8 28. Kc1 Bb5 29. f4 Bxe2 30. Qxe2 Nc6 31. e5 Nd4 32. Qh2 Kf8 33. Ne3 Ke7 34. c3 Nf5 35. Ng4 Kd7 36. Rd1+ Kc7 37. Rxd8 Kxd8 38. Nf6 Qf8 39. Qd2+ Kc8 40. Qd7+ Kb8 41. Qxe6 fxe6 42. Nd7+ Kc7 43. Nxf8 Kc6 44. Nxg6 Kd5 45. Nf8 Ng7 46. Nd7 Ke4 47. Nc5+ Kxf4 48. Nxb7 Kxe5 49. Nc5 Kf4 50. Nxa6 Kxg5 51. a4 Ne8 52. a5 Kf5 53. Nc5 Nc7 54. b4 Ke5 55. Kd2 Kd5 56. Kd3 Kc6 57. c4 Kd6 58. Ke4 Ne8 59. Nd3 Nf6+ 60. Kd4 Ne8 61. b5 Ng7 62. c5+ Kc7 63. Ke5 Nf5 64. Nb4 Ne3 65. b6+ Kb8 66. Kxe6 1-0

[Event "Tatra Limba Master 2022"]
[Site "Poronin"]
[Date "2022.01.08"]
[Round "4.6"]
[White "Mroz, Lena"]
[Black "Walkusz, Witoslaw"]
[Result "0-1"]
[ECO "B09"]
[WhiteElo "1835"]
[BlackElo "2024"]
[Annotator "ChessBase"]
[PlyCount "54"]
[EventDate "2022.01.07"]
[EventType "swiss"]
[EventCountry "POL"]
[SourceTitle "playchess.com"]
[Source "ChessBase"]
[SourceQuality "1"]
[TimeControl "5400+30"]

1. e4 g6 2. d4 d6 3. Nc3 Bg7 4. f4 Nf6 5. Nf3 O-O 6. e5 Nfd7 7. h4 c5 8. h5 cxd4 9. Qxd4 dxe5 10. Qf2 exf4 11. hxg6 hxg6 12. Bxf4 Nf6 13. Bd3 Qa5 14. O-O-O Nc6 15. Rde1 Bf5 16. Bxf5 Qxf5 17. Bg5 Rfd8 18. Qh4 Rac8 19. Re2 Rd7 20. Rf2 Ng4 21. Rff1 f6 22. Ne5 Qxe5 23. Bf4 Qe6 24. Re1 Qf5 25. Bd2 Nb4 26. Re4 Rxc3 27. Qxg4 Rxc2+ 0-1

[Event "Tatra Limba Master 2022"]
[Site "Poronin"]
[Date "2022.01.08"]
[Round "4.7"]
[White "Starosciak, Szymon"]
[Black "Bartoszczuk, Adam"]
[Result "0-1"]
[ECO "B92"]
[WhiteElo "1986"]
[BlackElo "1380"]
[Annotator "ChessBase"]
[PlyCount "114"]
[EventDate "2022.01.07"]
[EventType "swiss"]
[EventCountry "POL"]
[SourceTitle "playchess.com"]
[Source "ChessBase"]
[SourceQuality "1"]
[TimeControl "5400+30"]

1. e4 c5 2. Nf3 d6 3. d4 cxd4 4. Nxd4 Nf6 5. Nc3 a6 6. Be2 e5 7. Nb3 Be6 8. Be3 Be7 9. Nd5 Bxd5 10. exd5 Nbd7 11. O-O Nb6 12. c4 Rc8 13. Rc1 O-O 14. Qd2 Ne4 15. Qa5 Nd7 16. Qb4 b6 17. f3 Nec5 18. Qd2 f5 19. Na1 f4 20. Bf2 e4 21. Bd4 e3 22. Qc3 Bf6 23. b4 Nb7 24. Nb3 Ne5 25. Qb2 Kh8 26. c5 bxc5 27. bxc5 Na5 28. c6 Nxb3 29. axb3 Qa5 30. Rfd1 Qxd5 31. Bxe5 Qxe5 32. Qxe5 Bxe5 33. Bxa6 Rc7 34. Bb7 Re8 35. Rc2 Rb8 36. Rd5 Kg8 37. Kf1 Kf7 38. Rb5 Ke6 39. Ke2 g5 40. g4 h6 41. Kd3 h5 42. h3 hxg4 43. hxg4 Rh8 44. Ke4 Rh1 45. Rd5 Rb1 46. Ba6 Kf6 47. Rd3 Re1 48. Kd5 Ra1 49. Bb7 Ra5+ 50. Ke4 Re7 51. Rd1 e2 52. Rxe2 Ba1+ 53. Kd3 Rd5+ 54. Kc4 Rxd1 55. Rh2 Kg7 56. Bc8 Re5 57. Bf5 Rd4# 0-1

[Event "Tatra Limba Master 2022"]
[Site "Poronin"]
[Date "2022.01.08"]
[Round "4.8"]
[White "Liskiewicz, Jakub"]
[Black "Gajdzica, Maciej"]
[Result "0-1"]
[ECO "D50"]
[WhiteElo "1598"]
[BlackElo "1960"]
[Annotator "ChessBase"]
[PlyCount "60"]
[EventDate "2022.01.07"]
[EventType "swiss"]
[EventCountry "POL"]
[SourceTitle "playchess.com"]
[Source "ChessBase"]
[SourceQuality "1"]
[TimeControl "5400+30"]

1. d4 d5 2. c4 e6 3. Nc3 Nf6 4. Bg5 dxc4 5. e3 c5 6. Bxc4 cxd4 7. exd4 Be7 8. Nf3 O-O 9. O-O Nc6 10. Re1 a6 11. a4 Qb6 12. d5 Qxb2 13. dxc6 Qxc3 14. Rc1 Qa5 15. Ne5 bxc6 16. Nxc6 Qxg5 17. Nxe7+ Kh8 18. Nxc8 Rfxc8 19. Bxa6 Rxc1 20. Qxc1 Qxc1 21. Rxc1 Rxa6 22. Rc8+ Ng8 23. Rc4 g6 24. h4 Nf6 25. g4 h5 26. gxh5 Nxh5 27. Kg2 Nf6 28. Kg3 Ra5 29. f4 Kg7 30. Kf3 Nd5 0-1

[Event "Tatra Limba Master 2022"]
[Site "Poronin"]
[Date "2022.01.08"]
[Round "4.9"]
[White "Wysocki, Mateusz"]
[Black "Rejniak, Zuzanna"]
[Result "1/2-1/2"]
[ECO "B90"]
[WhiteElo "1848"]
[BlackElo "1799"]
[Annotator "NA"]
[PlyCount "106"]
[EventDate "2022.01.07"]
[EventType "swiss"]
[EventCountry "POL"]
[SourceTitle "playchess.com"]
[Source "ChessBase"]
[SourceQuality "1"]
[TimeControl "5400+30"]

1. e4 c5 2. Nf3 d6 3. d4 cxd4 4. Nxd4 Nf6 5. Nc3 a6 6. h4 e5 7. Nb3 Be6 8. f4 exf4 9. Bxf4 Nc6 10. Qd2 Ne5 11. O-O-O Qc7 $14 12. Nd4 Be7 13. Nf5 Bxf5 14. exf5 O-O 15. Be2 Rfc8 16. g4 b5 17. a3 Qa5 18. g5 b4 19. Na2 Ne4 20. Qe3 Nc3 21. Nxb4 Nxd1 22. Rxd1 Bf8 23. f6 Re8 24. Qf2 Qc5 25. Qg2 Ng6 26. Bd2 a5 27. Nd3 Qc4 28. h5 Rac8 29. Bc3 Nf4 30. Nxf4 Qxf4+ 31. Kb1 Rxc3 32. bxc3 Qe5 33. Bc4 Rb8+ 34. Ka2 Qxc3 35. Bxf7+ Kxf7 36. g6+ Kg8 37. f7+ Kh8 38. Rb1 Rxb1 39. Kxb1 Qe1+ 40. Ka2 Qe6+ 41. Kb1 hxg6 42. hxg6 Qe1+ 43. Ka2 Qe6+ 44. Kb1 Qe1+ 45. Kb2 Qe5+ 46. c3 Qb5+ 47. Kc1 Qh5 48. Kc2 d5 49. Qg3 Qf5+ 50. Kb2 Qh5 51. Qb8 Qe2+ 52. Kb3 Qd1+ 53. Kb2 Qd2+ 1/2-1/2

[Event "Tatra Limba Master 2022"]
[Site "Poronin"]
[Date "2022.01.08"]
[Round "4.10"]
[White "Gepfert, Cyprian"]
[Black "Golis, Wiktor"]
[Result "1/2-1/2"]
[ECO "B92"]
[WhiteElo "1743"]
[BlackElo "1553"]
[Annotator "NA"]
[PlyCount "110"]
[EventDate "2022.01.07"]
[EventType "swiss"]
[EventCountry "POL"]
[SourceTitle "playchess.com"]
[Source "ChessBase"]
[SourceQuality "1"]
[TimeControl "5400+30"]

1. e4 c5 2. Nf3 d6 3. Nc3 Nf6 4. d4 cxd4 5. Nxd4 a6 6. Be2 e5 7. Nb3 Be7 8. Bg5 Be6 9. Bxf6 Bxf6 10. Qd3 Be7 11. Nd5 Bxd5 12. Qxd5 Qc7 13. Bg4 O-O 14. Rd1 Nc6 15. c3 Rfd8 16. O-O b5 17. Rd3 Qb6 18. Rfd1 Bf6 19. Bh5 g6 20. Rg3 Ne7 21. Qd2 d5 22. Qe2 Kh8 23. Bf3 dxe4 24. Bxe4 Rxd1+ 25. Qxd1 Rd8 26. Qe2 Bh4 27. Rd3 Rxd3 28. Bxd3 Qd6 29. g3 Bg5 30. c4 bxc4 31. Bxc4 f5 32. Bxa6 e4 33. Bb5 Nc6 34. Bxc6 Qxc6 35. Na5 Qa4 36. Nb7 Qxa2 37. Qb5 Qe6 38. Nc5 Qe7 39. Qc6 Qd8 40. Qd7 Qxd7 41. Nxd7 Be7 42. h4 Kg7 43. Kf1 Kf7 44. Ke2 Ke6 45. Nb6 h6 46. f3 Bd6 47. g4 fxg4 48. fxg4 Be7 49. h5 g5 50. Nc4 Kd5 51. Ne3+ Ke5 52. Nf5 Bf8 53. Ke3 Bc5+ 54. Ke2 Bf8 55. Ke3 Bc5+ 1/2-1/2